 Dungeon Crawl Stone Soup version 0.30.1-9-gdf580d7c3d (webtiles) character file.

Game seed: 8235057237663332978

1591 Peloso the Carver (level 8, -2/70 HPs)
             Began as a Minotaur Fighter on Oct 1, 2023.
             Was a Follower of Okawaru.
             Slain by a wraith (6 damage)
             ... on level 6 of the Dungeon.
             The game lasted 00:10:56 (4867 turns).

Peloso the Carver (Minotaur Fighter)                Turns: 4867, Time: 00:10:57

Health: -2/70      AC: 14    Str: 20    XL:     8   Next: 61%
Magic:  7/7        EV:  6    Int:  5    God:    Okawaru [*.....]
Gold:   421        SH:  5    Dex: 13    Spells: 7/7 levels left

rFire   . . .        a - +0 long sword
rCold   . . .        d - +0 buckler
rNeg    . . .        o - +0 plate armour
rPois   .            (helmet restricted)
rElec   .            c - +0 cloak
rCorr   .            (no gloves)
SInv    .            (no boots)
Will    +....        (no amulet) Stlth
                     i - ring of willpower
HPRegen 0.31/turn    r - +4 ring of slaying
MPRegen 0.10/turn

%: no passive effects
@: slowed, very slow
A: horns 2, retaliatory headbutt
a: Renounce Religion, Heroism


You were on level 6 of the Dungeon.
You worshipped Okawaru.
Okawaru was aware of your devotion.
You visited 2 branches of the dungeon, and saw 7 of its levels.
You also visited: Sewer.

You collected 421 gold pieces.

Inventory:

Hand Weapons
 a - a +0 long sword (weapon)
Armour
 b - a +0 scale mail
 c - a +0 cloak (worn)
 d - a +0 buckler (worn)
 o - a +0 plate armour (worn)
Jewellery
 i - a ring of willpower (left hand)
 r - a +4 ring of slaying (right hand)
 x - a +5 ring of evasion
 A - an amulet of guardian spirit
Wands
 h - a wand of polymorph (5)
Scrolls
 e - 3 scrolls of poison
 f - 2 scrolls of blinking
 g - a scroll of brand weapon
 m - a scroll of acquirement
 p - a scroll of enchant weapon {unknown}
 q - a scroll of vulnerability {unknown}
 s - 2 scrolls of teleportation
 u - a scroll of enchant armour {unknown}
 w - a scroll of immolation {unknown}
 y - a scroll of identify
Potions
 j - 5 potions of might
 k - a potion of haste
 l - 2 potions of magic
 n - 2 potions of curing
 v - 2 potions of mutation {unknown}
 z - a potion of heal wounds {unknown}
Miscellaneous
 t - a phial of floods (inert)


   Skills:
 + Level 6.0 Fighting
 + Level 9.4 Long Blades
 + Level 7.4 Armour
 + Level 1.3 Dodging
 + Level 0.3 Stealth
 + Level 5.5 Shields
 + Level 0.1 Evocations


You had 7 spell levels left.
You didn't know any spells.
Your spell library contained the following spells:

 Spells                   Type           Power      Damage    Failure   Level
 Sublimation of Blood     Necr           0%         N/A       100%        2
 Petrify                  Tmut/Erth      0%         N/A       100%        4
 Irradiate                Conj/Tmut      0%         3d11      100%        5
 Conjure Ball Lightning   Conj/Air       0%         3x3d6     100%        6
 Storm Form               Tmut/Air       0%         N/A       100%        7
 Discord                  Hex            0%         N/A       100%        8
 Disjunction              Tloc           0%         N/A       100%        8
 Maxwell's Capacitive Co  Air            0%         ∞         100%        8
 Summon Lightning Spire   Summ/Air       Unusable   N/A       N/A         4

Dungeon Overview and Level Annotations

Branches:
Dungeon (6/15)             Temple (1/1) D:5           Sewer (visited)

Altars:
Cheibriados
Dithmenos
Gozag
Kikubaaqudgha
Okawaru
Ru
Wu Jian
Yredelemnul

Annotations:
D:3 2 transporters


Innate Abilities, Weirdness & Mutations

You have a pair of horns on your head.
You reflexively headbutt those who attack you in melee.


Message History

Your Fighting skill increases to level 6!
You closely miss the orc.
The orc is heavily wounded.
Something hits you but does no damage. The orc hits you but does no damage.
The phantom hits you but does no damage.
The wraith hits you but does no damage.
Unknown command.
You barely miss the orc. You headbutt the orc, but do no damage.
The orc is heavily wounded.
Something hits you but does no damage. You block the orc's attack.
The phantom hits you but does no damage.
The wraith hits you. The wraith drains your vigour!
You feel yourself slow down.
Unknown command.
You slash the orc!
You kill the orc!
Okawaru accepts your kill. Something hits you but does no damage.
The phantom hits you but does no damage.
The wraith hits you.
* * * LOW HITPOINT WARNING * * *
Something hits you but does no damage.
You hit the wraith but do no damage.
The wraith is lightly damaged.
You block the phantom's attack. The wraith barely misses you.
Something hits you but does no damage. The phantom barely misses you.
You furiously retaliate!
You headbutt the phantom! The wraith hits you.
* * * LOW HITPOINT WARNING * * *
The wraith drains your vigour!
You feel as though you will be slow longer.
You hit the wraith but do no damage.
The wraith is lightly damaged.
You hear some strange, mumbled words.
A puff of flame appears from out of thin air!
The puff of flame hits you!
* * * LOW HITPOINT WARNING * * *
The phantom hits you.
* * * LOW HITPOINT WARNING * * *
The wraith hits you.
You die...

#..$./.......##...#
.#............)...##
...................#####
.....###†###...........###
...###.....###...<.......#
. ##.........##........#
#.[..?.?....#..[.<...#
##...§≈§≈W...##..<......#
#........W@...#.........#
#..$..[.[{)...#.........#
#=....)......!#....#.#.##
#.....)#......#...##.###
#....).#......#...# ..
##...#####...##.... #..
#.... ....# ##... ...##
###..


You could see a wraith and a phantom.

Vanquished Creatures
  A steam dragon (D:6)
  Duvessa (D:6)
  An ice beast (D:5)
  A sky beast (D:6)
  An ogre (D:3)
  A centaur (D:5)
  A phantom (D:4)
  3 bullfrogs
  A scorpion (D:6)
  Dowan (D:6)
  A gnoll bouda (D:5)
  2 hounds
  A jelly (D:4)
  Crazy Yiuf (D:3)
  An orc priest (D:6)
  Natasha (thrice) (D:2)
  4 iguanas
  An orc wizard (D:4)
  5 gnolls
  4 adders
  A white imp (D:5)
  2 ufetubi
  3 worms
  3 dart slugs (D:4)
  10 orcs
  13 ball pythons
  21 endoplasms
  11 giant cockroaches
  13 goblins
  6 hobgoblins
  10 quokkas
  5 bats
  14 frilled lizards
  7 kobolds
  9 rats
163 creatures vanquished.

Notes
Turn   | Place    | Note
-------+----------+-------------------------------------------
     0 | D:1      | Peloso the Minotaur Fighter began the quest for the Orb.
     0 | D:1      | Reached XP level 1. HP: 19/19 MP: 0/0
   235 | D:1      | Reached XP level 2. HP: 27/27 MP: 1/1
   787 | D:2      | Noticed Natasha
   836 | D:2      | Killed Natasha
   837 | D:2      | Reached skill level 3 in Long Blades
   837 | D:2      | Reached XP level 3. HP: 26/33 MP: 2/2
  1028 | D:2      | Noticed Natasha
  1038 | D:2      | Killed Natasha
  1039 | D:2      | Reached XP level 4. HP: 32/40 MP: 3/3
  1368 | D:2      | Noticed Natasha
  1376 | D:2      | Killed Natasha
  1810 | D:2      | Reached skill level 4 in Long Blades
  1920 | D:3      | Found an opulent altar of Gozag.
  2102 | D:3      | Found a transporter.
  2121 | D:3      | Found a transporter.
  2226 | D:3      | Reached skill level 5 in Armour
  2226 | D:3      | Reached XP level 5. HP: 46/46 MP: 4/4
  2506 | D:3      | Noticed an ogre
  2522 | D:4      | Noticed a phantom
  2527 | D:4      | Killed a phantom
  2528 | D:4      | Reached skill level 5 in Long Blades
  2674 | D:4      | Found a glowing drain.
  2691 | Sewer    | Entered a sewer
  2702 | Sewer    | Reached XP level 6. HP: 53/53 MP: 5/5
  3013 | Sewer    | Reached skill level 6 in Long Blades
  3038 | Sewer    | Identified a scroll of acquirement
  3497 | D:4      | Reached XP level 7. HP: 55/60 MP: 6/6
  4090 | D:3      | Found a runed translucent door.
  4091 | D:3      | Noticed Crazy Yiuf
  4098 | D:3      | Killed Crazy Yiuf
  4099 | D:3      | Reached skill level 7 in Long Blades
  4151 | D:5      | Entered Level 5 of the Dungeon
  4237 | D:5      | Reached skill level 5 in Fighting
  4237 | D:5      | Reached skill level 1 in Dodging
  4262 | D:5      | Reached skill level 5 in Shields
  4327 | D:5      | Found a staircase to the Ecumenical Temple.
  4383 | Temple   | Entered the Ecumenical Temple
  4389 | Temple   | Became a worshipper of Warmaster Okawaru
  4451 | D:5      | Reached skill level 8 in Long Blades
  4464 | D:5      | Reached XP level 8. HP: 42/68 MP: 7/7
  4669 | D:5      | Found a sacrificial altar of Ru.
  4802 | D:6      | Noticed Duvessa
  4802 | D:6      | Noticed Dowan
  4806 | D:6      | Killed Duvessa
  4816 | D:6      | Killed Dowan
  4850 | D:6      | Reached * piety under Okawaru
  4851 | D:6      | Reached skill level 9 in Long Blades
  4867 | D:6      | Slain by a wraith

Illustrated notes

Levels and vault maps discovered:
D:1:      amcnicky_arrival_single_pillar, layout_basic, minmay_indecisive_spiral
D:2:      layout_loops_corners, minmay_tetromino_s4, uniq_natasha
D:3:      gammafunk_steamed_eel, layout_rooms,
          mainiacjoe_overflow_six_doors_small, minmay_ogre_servants,
          uniq_crazy_yiuf_cottage
D:4:      layout_layer_cave, cheibrodos_sewer_entry_sluice
D:5:      layout_cave_pools, mainiacjoe_overflow_alcove_2,
          minmay_temple_entry_offerings
D:6:      layout_cave_pools, mainiacjoe_overflow_small_starburst,
          enter_ossuary_2, grunt_potential, uniq_duvessa
Temple:   eino_temple_rhombus

Skill      XL: |  1  2  3  4  5  6  7  8 |
---------------+-------------------------+-----
Shields        | 4 5 |  5.5
Fighting       | 4 5 6 |  6.0
Long Blades    | 3 4 5 6 8 9 |  9.4
Armour         | 4 5 6 7 |  7.4
Dodging        | 1 |  1.3
Stealth        | |  0.3
Evocations     | |  0.1

Action                     |  1- 3 |  4- 6 |  7- 9 || total
---------------------------+-------+-------+-------++-------
  Melee: Long sword        |    71 |   194 |   122 ||   387
         Headbutt          |     7 |    28 |    27 ||    62
  Evoke: Phial of floods   |       |       |     1 ||     1
    Use: Potion            |     2 |     3 |     1 ||     6
         Scroll            |     2 |     4 |     1 ||     7
 Armour: Scale mail        |    41 |    11 |       ||    52
         Plate armour      |       |   127 |   123 ||   250
  Dodge: Dodged            |    31 |    54 |    52 ||   137
  Block: Buckler           |    14 |    54 |    35 ||   103
